AoeStats
← kable.xpress

Arabia

503317262Analyzed
1v1 RM · 1mo ago on Aug 31, 2026· 57m 18s· 2 players
Game mode
Random Map
Map size
Tiny (2 player)
Population
200
Speed
Normal
Resources
Standard
Victory
Conquest
Starting age
Dark Age
Ending age
Imperial Age
RankedLock teamsTeams togetherTeam positionsShared explorationLock speedFull tech treeHidden civsTurbo modeCheats
Victory
Defeat
🇦🇷 Ethiopians · Argentina
2159
+16
🇲🇽 Armenians · Mexico
2156
-16
iamkaito
7:46 Loom
10:29 Feudal Age
12:22 Double-Bit Axe
15:38 Fletching
21:17 Castle Age
20:16 Padded Archer Armor
20:39 Gold Mining
21:55 Bodkin Arrow
21:22 Elite Skirmisher
23:42 Bow Saw
29:36 Sanctity
33:24 Wheelbarrow
38:39 Imperial Age
35:51 Horse Collar
37:01 Ballistics
37:16 Leather Archer Armor
39:27 Redemption
40:04 Bracer
41:58 Block Printing
45:01 Chemistry
44:19 Squires
44:20 Scale Mail Armor
44:30 Forging
45:05 Hand Cart
44:35 Town Watch
46:24 Ring Archer Armor
46:01 Gambesons
46:17 Scale Mail Armor
46:27 Forging
46:42 Hand Cart
46:33 Man-at-Arms
47:59 Long Swordsman
49:26 Two-Handed Swordsman
52:10 Chain Mail Armor
52:30 Iron Casting
52:35 Champion
55:05 Plate Mail Armor
kable.xpress
6:36 Loom
8:55 Feudal Age
8:59 Man-at-Arms
13:03 Double-Bit Axe
20:34 Castle Age
18:53 Fletching
20:15 Scale Barding Armor
21:13 Bodkin Arrow
20:39 Crossbowman
21:49 Bow Saw
22:46 Horse Collar
23:30 Town Watch
27:56 Wheelbarrow
29:55 Hand Cart
36:06 Imperial Age
35:10 Padded Archer Armor
35:59 Ballistics
36:50 Bracer
37:48 Thumb Ring
37:07 Arbalester
38:51 Chemistry
38:45 Leather Archer Armor
41:43 Scale Mail Armor
42:08 Heavy Plow
42:11 Long Swordsman
42:51 Squires
44:00 Chain Mail Armor
43:10 Two-Handed Swordsman
45:28 Plate Mail Armor
46:01 Forging
49:38 Thumb Ring
50:15 Conscription
51:41 Iron Casting
52:41 Ring Archer Armor
53:21 Blast Furnace
52:53 Ring Archer Armor
Connection lost

Rejoining the realm…

Still unreachable

The connection could not be restored.

Session expired

The server has moved on; the page needs a fresh start.